[Event "GER-ch Blitz 2019"]
[Site "Magdeburg"]
[Date "2019.05.25"]
[Round "14.12"]
[White "Stern, Rene"]
[Black "Zelbel, Patrick"]
[Result "1-0"]
[ECO "A04"]
[WhiteElo "2538"]
[BlackElo "2439"]
[Annotator "ChessBase"]
[PlyCount "42"]
[EventDate "2019.05.25"]
[EventType "tourn"]
[EventCountry "GER"]
[Tiebreak "Number of wins+Number of black wins"]
[SourceTitle "playchess.com"]
[Source "ChessBase"]
[SourceQuality "1"]
[TimeControl "180+2"]

1. Nf3 g6 2. c4 Bg7 3. e4 c5 4. d4 d6 5. dxc5 Qa5+ 6. Nc3 Bxc3+ 7.
bxc3 Qxc5 8. Be3 Qa5 9. Bd3 Nf6 10. O-O Nc6 11. c5 Bg4 12.
cxd6 Bxf3 13. Qxf3 Ne5 14. Qe2 O-O-O 15. Bd4 Rxd6 16. f4 Nxd3 17. Qxd3 Qa6 18. Qh3+ Rd7 19. e5 Ne4 20. e6 Rxd4 21. cxd4 f5 1-0

[Event "GER-ch Blitz 2019"]
[Site "Magdeburg"]
[Date "2019.05.25"]
[Round "14.13"]
[White "Kopylov, Daniel"]
[Black "Hirneise, Jens"]
[Result "0-1"]
[ECO "B56"]
[WhiteElo "2263"]
[BlackElo "2375"]
[Annotator "NA"]
[PlyCount "52"]
[EventDate "2019.05.25"]
[EventType "tourn"]
[EventCountry "GER"]
[Tiebreak "Number of wins+Number of black wins"]
[SourceTitle "playchess.com"]
[Source "ChessBase"]
[SourceQuality "1"]
[TimeControl "180+2"]

1. e4 c5 2. Nf3 d6 3. d4 cxd4 4. Nxd4 Nf6 5. Nc3 Bd7 6. Bg5 e6 7. Qd2 h6 8. Bh4 Nxe4 9. Nxe4 Qxh4 10. Bd3 d5 11. Nf3 Qd8 12. Ng3 Nc6 13.
O-O Qc7 14. c4 dxc4 15. Bxc4 Be7 16. Rfd1 Rd8 17. Qe2 O-O 18. Rac1 Bc8 19. a3 Rxd1+ 20. Rxd1 Rd8 21. Bd3 g6 22. h4 h5 23. Rc1 Qa5 24. Be4 Bd7 25. b4 Qxa3 26. b5 Qxc1+ 0-1

[Event "GER-ch Blitz 2019"]
[Site "Magdeburg"]
[Date "2019.05.25"]
[Round "14.14"]
[White "Frischmann, Rick"]
[Black "Schmaltz, Roland"]
[Result "0-1"]
[ECO "C41"]
[WhiteElo "2320"]
[BlackElo "2461"]
[Annotator "ChessBase"]
[PlyCount "50"]
[EventDate "2019.05.25"]
[EventType "tourn"]
[EventCountry "GER"]
[Tiebreak "Number of wins+Number of black wins"]
[SourceTitle "playchess.com"]
[Source "ChessBase"]
[SourceQuality "1"]
[TimeControl "180+2"]

1. e4 d6 2. d4 Nf6 3. Nc3 e5 4. Nf3 Nbd7 5. g4 g6 6. Rg1 Bg7 7. Be3 O-O 8. Qd2 exd4 9. Nxd4 Ne5 10. O-O-O c5 11. Nde2 Nf3 12. Qxd6 Qxd6 13. Rxd6 Nxg1 14. Nxg1 Nxg4 15. Bxc5 b6 16.
Bb4 Be6 17. Bh3 Nxf2 18. Bxe6 fxe6 19. Rxe6 Rfe8 20. Rc6 Bxc3 21. Bxc3 Nxe4 22. Bd4 Rac8 23. Rxc8 Rxc8 24. Nf3 Rf8 25. Ne5 Rf1# 0-1

[Event "GER-ch Blitz 2019"]
[Site "Magdeburg"]
[Date "2019.05.25"]
[Round "14.15"]
[White "Stein, Robert"]
[Black "Zuyev, Igor"]
[Result "0-1"]
[ECO "E04"]
[WhiteElo "2318"]
[BlackElo "2447"]
[Annotator "NA"]
[PlyCount "64"]
[EventDate "2019.05.25"]
[EventType "tourn"]
[EventCountry "GER"]
[Tiebreak "Number of wins+Number of black wins"]
[SourceTitle "playchess.com"]
[Source "ChessBase"]
[SourceQuality "1"]
[TimeControl "180+2"]

1. d4 Nf6 2. c4 e6 3. g3 d5 4. Nf3 dxc4 5. Bg2 c5 6. O-O cxd4 7. Nxd4 a6 8.
a4 Qc7 9. Na3 e5 10. Ndc2 Be6 11. Bg5 Nc6 12. Bxf6 gxf6 13. Ne3 Rd8 14. Nd5 Bxd5 15. Bxd5 Nd4 16. e4 c3 17. bxc3 Qxc3 18. Nc4 Rxd5 19. Rc1 Qxc1 20. Qxc1 Ne2+ 21. Kg2 Nxc1 22. exd5 Nd3 23. Rd1 Nc5 24. d6 Nxa4 25. Ne3 Kd7 26. Nf5 Nc5 27. Rc1 b6 28. Rd1 Ke6 29. g4 h5 30. h3 b5 31. f4 b4 32. Ne3 hxg4 0-1

[Event "GER-ch Blitz 2019"]
[Site "Magdeburg"]
[Date "2019.05.25"]
[Round "15.1"]
[White "Gustafsson, Jan"]
[Black "Feuerstack, Aljoscha"]
[Result "1/2-1/2"]
[ECO "A11"]
[WhiteElo "2639"]
[BlackElo "2441"]
[Annotator "ChessBase"]
[PlyCount "100"]
[EventDate "2019.05.25"]
[EventType "tourn"]
[EventCountry "GER"]
[Tiebreak "Number of wins+Number of black wins"]
[SourceTitle "playchess.com"]
[Source "ChessBase"]
[SourceQuality "1"]
[TimeControl "180+2"]

1. c4 c6 2. Nf3 d5 3. e3 Nf6 4. Nc3 Bf5 5. cxd5 cxd5 6. Qb3 Nc6 7. Qxb7 Bd7 8. Qb3 Rb8 9. Qd1 e5 10. d4 Bd6 11. dxe5 Nxe5 12.
Be2 Nxf3+ 13. Bxf3 Qc7 14. h3 O-O 15. O-O Rfd8 16. Ne2 Bh2+ 17. Kh1 Be5 18. Nd4 Ne4 19. Be2 Rb6 20. Nf3 Bxb2 21. Bxb2 Rxb2 22. Qxd5 Bc6 23. Qc4 Nd6 24. Qc1 Rxe2 25. Nd4 Bxg2+ 26. Kxg2 Qb7+ 27. Qc6 Rb2 28. Qxb7 Rxb7 29. Rfd1 g6 30. Nc6 Rdd7 31. Rd5 Ne4 32. Rxd7 Rxd7 33. Kf3 f5 34. Nd4 Rb7 35. Rc1 Rb2 36. Rc2 Rxc2 37. Nxc2 Kf7 38. Nd4 a5 39. a4 Nc5 40. Nc6 Nxa4 41. Nxa5 Nc5 42. Kf4 Nd3+ 43. Kg3 Kf6 44. Nc6 g5 45. Nd4 h5 46. h4 gxh4+ 47.
Kxh4 Nxf2 48. Kxh5 Ng4 49. Nxf5 Nxe3 50. Nxe3 Ke5
1/2-1/2

[Event "GER-ch Blitz 2019"]
[Site "Magdeburg"]
[Date "2019.05.25"]
[Round "15.2"]
[White "Voege, Tobias"]
[Black "Wichmann, Cliff"]
[Result "1-0"]
[ECO "D40"]
[WhiteElo "2294"]
[BlackElo "2280"]
[Annotator "NA"]
[PlyCount "93"]
[EventDate "2019.05.25"]
[EventType "tourn"]
[EventCountry "GER"]
[Tiebreak "Number of wins+Number of black wins"]
[SourceTitle "playchess.com"]
[Source "ChessBase"]
[SourceQuality "1"]
[TimeControl "180+2"]

1. d4 d5 2. c4 e6 3. Nc3 Nf6 4. Bg5 c5 5. Nf3 cxd4 6. Nxd4 dxc4 7. e3 Nbd7 8. Bxc4 Qa5 9. Bxf6 Nxf6 10. O-O a6 11. a3 Be7 12. b4 Qc7 13. Qb3 O-O 14. Rac1 Qe5 15. Nce2 Ne4 16. Rfd1 Qf6 17. Nf3 e5 18. Bd5 Nd6 19. Ng3 Bg4 20. h3 Be6 21. Bxe6 fxe6 22. Qc3 e4 23. Qxf6 gxf6 24. Nd4 Kf7 25. Rc7 Rac8 26. Rdc1 Rxc7 27. Rxc7 Rc8 28. Rxc8 Nxc8 29. Nxe4 Nb6 30. Nd2 Nd5 31. Kf1 Nc3 32. N4b3 Nb5 33. Nc4 Ke8 34. Nba5 b6 35. Nc6 Bf8 36. a4 Nc3 37. Nxb6 Kf7 38. a5 Bd6 39. Nc4 Bc7 40. Nb2 Nd5 41. Nd3 Bd6 42. Ke2 e5 43. f3 Nc3+ 44. Kd2 Nb5 45.
Nd8+ Ke7 46. Nb7 Bc7 47. Nbc5 1-0

[Event "GER-ch Blitz 2019"]
[Site "Magdeburg"]
[Date "2019.05.25"]
[Round "15.3"]
[White "Koch, Thomas"]
[Black "Braeuning, Rudolf Wilhelm"]
[Result "1-0"]
[ECO "A50"]
[WhiteElo "2474"]
[BlackElo "2285"]
[Annotator "ChessBase"]
[PlyCount "81"]
[EventDate "2019.05.25"]
[EventType "tourn"]
[EventCountry "GER"]
[Tiebreak "Number of wins+Number of black wins"]
[SourceTitle "playchess.com"]
[Source "ChessBase"]
[SourceQuality "1"]
[TimeControl "180+2"]

1. d4 Nf6 2. c4 Nc6 3. Nf3 e6 4. g3 d5 5. Bg2 dxc4 6. O-O Rb8 7.
e3 Bd7 8. Qe2 b5 9. e4 Be7 10. Nc3 O-O 11. Re1 a6 12. Bf4 Nh5 13. Be3 Nf6 14. Bg5 h6 15. Bf4 Nh5 16. Bd2 Nf6 17. Rad1 Nb4 18. e5 Nfd5 19. Nxd5 exd5 20. Bxb4 Bxb4 21. Rf1 Bf5 22. Nh4 Bd3 23. Rxd3 cxd3 24. Qxd3 c5 25. dxc5 d4 26. c6 Rc8 27. Nf5 Re8 28. a3 Bf8 29. Re1 g6 30. Nh4 Bg7 31. e6 Rxe6 32. Rxe6 fxe6 33. Qxg6 Qf6 34. Qd3 Qe5 35. Be4 Qg5 36. Kg2 Bf6 37. Nf3 Qc5 38. Qd2 Kg7 39. Qf4 d3 40. Qg4+ Kf8 41. Qxe6 1-0

[Event "GER-ch Blitz 2019"]
[Site "Magdeburg"]
[Date "2019.05.25"]
[Round "15.4"]
[White "Heistermann, Till"]
[Black "Baskin, Robert"]
[Result "1-0"]
[ECO "A13"]
[WhiteElo "2181"]
[BlackElo "2398"]
[Annotator "NA"]
[PlyCount "169"]
[EventDate "2019.05.25"]
[EventType "tourn"]
[EventCountry "GER"]
[Tiebreak "Number of wins+Number of black wins"]
[SourceTitle "playchess.com"]
[Source "ChessBase"]
[SourceQuality "1"]
[TimeControl "180+2"]

1. c4 Nf6 2. g3 e6 3. Bg2 d5 4. Nf3 dxc4 5. Qa4+ Bd7 6. Qxc4 c5 7. O-O Bc6 8. Nc3 Nbd7 9. d4 cxd4 10. Qxd4 Bc5 11. Qd3 O-O 12. a3 a5 13. Bf4 Qb6 14. Rab1 Ng4 15. Nd1 Rfd8 16. h3 Ngf6 17. Nc3 Ne5 18.
Qc2 Nxf3+ 19. Bxf3 Bxf3 20. exf3 Qc6 21. Ne4 Nxe4 22. Qxe4 Qxe4 23. fxe4 Rd3 24. Rfd1 Rad8 25. Rxd3 Rxd3 26. Rc1 b6 27. Rc4 g5 28. Bc7 Rd2 29. b4 axb4 30. axb4 Bxf2+ 31. Kf1 Bd4 32. Rc6 b5 33. Bb6 Be5 34. Rc5 Bxg3 35. Rxg5+ Kf8 36. Rxg3 Ke7 37. e5 Kd7 38. Bc5 Kc6 39. Rf3 Rd5 40. Rxf7 Rxe5 41. Rxh7 Rf5+ 42. Ke2 Kd5 43. h4 Rf4 44. h5 Rh4 45. h6 Kc4 46. Rh8 e5 47. h7 Kb3 48.
Be7 Rh3 49. Kf2 e4 50. Bc5 Kb2 51. Kg2 Rh5 52. Kg3 Kb3 53. Kf4 Rh4+ 54. Ke3 Kb2 55. Bd6 Kb3 56. Bc5 Kb2 57. Kd4 Kb3 58. Re8 e3+ 59. Kxe3 Rxh7 60. Kd4 Rh1 61. Kd5 Rh6 62. Re6 Rh5+ 63. Kc6 Ka4 64. Re8 Rh6+ 65. Bd6 Rh5 66. Ra8+ Kb3 67. Bc5 Kc4 68. Ra1 Rh6+ 69. Bd6 Rh5 70. Rc1+ Kb3 71. Rc5 Rh1 72. Kxb5 Rh4 73. Rc6 Rg4 74. Bc5 Rg8 75. Rb6 Rg5 76. Ka6 Kc4 77. Bd6 Rg1 78. Kb7 Rg7+ 79. Kc6 Rg6 80. Rb8 Rh6 81. Rf8 Rg6 82. Rf4+ Kb3 83. b5 Rg1 84. b6 Rc1+ 85. Bc5 1-0

[Event "GER-ch Blitz 2019"]
[Site "Magdeburg"]
[Date "2019.05.25"]
[Round "15.5"]
[White "Buhmann, Rainer"]
[Black "Barzen, Pascal"]
[Result "1-0"]
[ECO "E12"]
[WhiteElo "2573"]
[BlackElo "2292"]
[Annotator "ChessBase"]
[PlyCount "93"]
[EventDate "2019.05.25"]
[EventType "tourn"]
[EventCountry "GER"]
[Tiebreak "Number of wins+Number of black wins"]
[SourceTitle "playchess.com"]
[Source "ChessBase"]
[SourceQuality "1"]
[TimeControl "180+2"]

1. d4 Nf6 2. c4 e6 3. Nf3 b6 4. a3 Bb7 5. Nc3 d5 6. cxd5 exd5 7. Bg5 Be7 8.
e3 O-O 9. Qc2 c5 10. Rd1 Nbd7 11. Be2 Rc8 12. O-O Ne4 13. Bxe7 Qxe7 14. dxc5 Nxc3 15. Qxc3 bxc5 16. Rfe1 Rfe8 17. Bb5 Red8 18.
b4 Nf6 19. bxc5 Ne4 20. Qb4 Rxc5 21. Bf1 Qc7 22. Nd4 a5 23. Qb2 Bc8 24. Rc1 h6 25. Rxc5 Qxc5 26. Rc1 Qd6 27. Nc6 Re8 28. Nxa5 Qg6 29. Nc6 Kh7 30. Nd4 Bd7 31. Bd3 f5 32. Ne2 Rc8 33. Rxc8 Bxc8 34. Nf4 Qd6 35. h4 Nc5 36. Qc2 Nxd3 37. Qxd3 g5 38. hxg5 hxg5 39. Ne2 Be6 40. Nd4 Bd7 41. Nxf5 Qg6 42. g4 Qf6 43. Qxd5 Bc6 44. Qd4 Qf7 45. Qd6 Be8 46. Qh6+ Kg8 47. Qxg5+ 1-0

[Event "GER-ch Blitz 2019"]
[Site "Magdeburg"]
[Date "2019.05.25"]
[Round "15.6"]
[White "Hebbinghaus, Holger"]
[Black "Braeuer, Franz"]
[Result "0-1"]
[ECO "B20"]
[WhiteElo "2310"]
[BlackElo "2445"]
[Annotator "NA"]
[PlyCount "44"]
[EventDate "2019.05.25"]
[EventType "tourn"]
[EventCountry "GER"]
[Tiebreak "Number of wins+Number of black wins"]
[SourceTitle "playchess.com"]
[Source "ChessBase"]
[SourceQuality "1"]
[TimeControl "180+2"]

1. e4 c5 2. Be2 Nc6 3. f4 e6 4. Nf3 Nge7 5. d3 d5 6. O-O g6 7. c3 Bg7 8. Be3 b6 9. Bf2 O-O 10. e5 Ba6 11. d4 Bxe2 12. Qxe2 cxd4 13. cxd4 Qd7 14. Nbd2 Rfc8 15. Rac1 Na5 16. b3 Rxc1 17. Rxc1 Rc8 18. Qf1 Rc7 19. Nb1 Qc8 20. Be3 Nf5 21. Bd2 Nc6 22. Qf2 Ncxd4 0-1

[Event "GER-ch Blitz 2019"]
[Site "Magdeburg"]
[Date "2019.05.25"]
[Round "15.7"]
[White "Ehmann, Thilo"]
[Black "Krause, Benedict"]
[Result "1/2-1/2"]
[ECO "B40"]
[WhiteElo "2291"]
[BlackElo "2434"]
[Annotator "NA"]
[PlyCount "54"]
[EventDate "2019.05.25"]
[EventType "tourn"]
[EventCountry "GER"]
[Tiebreak "Number of wins+Number of black wins"]
[SourceTitle "playchess.com"]
[Source "ChessBase"]
[SourceQuality "1"]
[TimeControl "180+2"]

1. e4 c5 2. Nf3 e6 3. g3 d5 4. exd5 exd5 5. d4 Nf6 6. Bg2 Be7 7. O-O O-O 8. dxc5 Bxc5 9. Nbd2 Nc6 10. Nb3 Bb6 11. c3 h6 12. Nfd4 Bg4 13. Bf3 Bxf3 14. Qxf3 Nxd4 15. Nxd4 Bxd4 16. cxd4 Ne4 17. Qd3 Qb6 18. f3 Nd6 19. b3 Rfe8 20. Be3 Re6 21. Bf2 Rae8 22. Rfe1 Rxe1+ 23. Rxe1 Rxe1+ 24. Bxe1 Qb5 25. Qd2 Qd7 26. g4 Qe6 27. Bg3 Nb5 1/2-1/2

[Event "GER-ch Blitz 2019"]
[Site "Magdeburg"]
[Date "2019.05.25"]
[Round "15.8"]
[White "Schneider, Ilja"]
[Black "Kopylov, Michael"]
[Result "1-0"]
[ECO "D30"]
[WhiteElo "2494"]
[BlackElo "2413"]
[Annotator "ChessBase"]
[PlyCount "105"]
[EventDate "2019.05.25"]
[EventType "tourn"]
[EventCountry "GER"]
[Tiebreak "Number of wins+Number of black wins"]
[SourceTitle "playchess.com"]
[Source "ChessBase"]
[SourceQuality "1"]
[TimeControl "180+2"]

1. d4 d5 2. c4 e6 3. Nf3 c6 4. e3 Nf6 5. b3 Nbd7 6. Bd3 b6 7. O-O Bb7 8. Bb2 Bd6 9. Nbd2 O-O 10. Qe2 Qe7 11. Rfd1 c5 12. e4 dxe4 13. Nxe4 Nxe4 14. Bxe4 Nf6 15. Bxb7 Qxb7 16. d5 Qe7 17. dxe6 fxe6 18. Ng5 Rae8 19. Rd3 Bf4 20. Ne4 Nxe4 21. Qxe4 Qh4 22. g3 Bxg3 23. Rxg3 Qxe4 24. Rxg7+ Kh8 25. Rg4+ Qd4 26. Bxd4+ cxd4 27.
Rxd4 Rd8 28. Rad1 Rxd4 29. Rxd4 Rf7 30. Kg2 Kg7 31. Kg3 Rc7 32. Kf4 Kf6 33. Ke4 Rg7 34. Kf3 Ke5 35. Ke3 Kf5 36. b4 Ke5 37. Rh4 Kf5 38. c5 bxc5 39. bxc5 Rd7 40. c6 Rc7 41. Rh5+ Kf6 42. Rc5 Ke7 43. h4 Kd6 44. Kd4 Rxc6 45. Rxc6+ Kxc6 46. Ke5 Kd7 47. Kf6 Kd6 48. h5 e5 49. Kg7 Ke6 50.
Kxh7 Kf7 51. Kh6 Kf6 52. f3 a6 53. a3 1-0

[Event "GER-ch Blitz 2019"]
[Site "Magdeburg"]
[Date "2019.05.25"]
[Round "15.9"]
[White "Kirchner, Thomas"]
[Black "Carow, Johannes"]
[Result "0-1"]
[ECO "B14"]
[WhiteElo "2311"]
[BlackElo "2445"]
[Annotator "NA"]
[PlyCount "36"]
[EventDate "2019.05.25"]
[EventType "tourn"]
[EventCountry "GER"]
[Tiebreak "Number of wins+Number of black wins"]
[SourceTitle "playchess.com"]
[Source "ChessBase"]
[SourceQuality "1"]
[TimeControl "180+2"]

1. e4 c6 2. d4 d5 3. exd5 cxd5 4. c4 Nf6 5. Nc3 g6 6. Nf3 Bg7 7. cxd5 Nxd5 8. Bc4 Nxc3 9. bxc3 O-O 10. O-O Qc7 11. Qb3 Nc6 12. Bd3 Be6 13. Qc2 Rac8 14. Qd2 Na5 15. Bb2 Nc4 16. Bxc4 Bxc4 17. Rfe1 Rfd8 18. Ne5 Bxe5 0-1

[Event "GER-ch Blitz 2019"]
[Site "Magdeburg"]
[Date "2019.05.25"]
[Round "15.10"]
[White "Schulz, Karsten"]
[Black "Heidrich, Manfred"]
[Result "1/2-1/2"]
[ECO "A04"]
[WhiteElo "2227"]
[BlackElo "2351"]
[Annotator "NA"]
[PlyCount "111"]
[EventDate "2019.05.25"]
[EventType "tourn"]
[EventCountry "GER"]
[Tiebreak "Number of wins+Number of black wins"]
[SourceTitle "playchess.com"]
[Source "ChessBase"]
[SourceQuality "1"]
[TimeControl "180+2"]

1. Nf3 f5 2. g3 Nf6 3. Bg2 g6 4. c4 Bg7 5. Nc3 d6 6. d3 O-O 7. O-O c5 8. Rb1 Nc6 9. a3 a5 10. Bg5 h6 11. Bxf6 Bxf6 12. Nd5 e6 13.
Nxf6+ Qxf6 14. Qd2 Kg7 15. e3 e5 16. Ne1 f4 17. Qc3 Bd7 18.
Be4 Bh3 19. exf4 Bxf1 20. Kxf1 exf4 21. Nf3 Rae8 22. Qxf6+ Rxf6 23. Kg2 Rf7 24. g4 Rb8 25. h4 a4 26. Rd1 Rc7 27. Rd2 b5 28. cxb5 Rxb5 29. d4 cxd4 30. Nxd4 Nxd4 31. Rxd4 Rxb2 32. Rxd6 g5 33. Rg6+ Kf7 34. Rxh6 Rc3 35. hxg5 Rg3+ 36. Kf1 Rxg4 37. g6+ Kg8 38. Rh7 Rg5 39. Ra7 Re5 40. Ra8+ Kg7 41. Ra7+ Kg8 42. Bd3 Rc5 43. Kg2 Rc3 44. Be4 Rd2 45. Rxa4 Kg7 46. Ra7+ Kg8 47. Ra5 Kg7 48. Ra7+ Kg8 49. Rf7 Rxa3 50. Rxf4 Ra7 51. Rf6 Kg7 52. Rc6 Rd4 53. f3 Re7 54. Kg3 Rdxe4 55. fxe4 Rxe4 56. Rc7+ 1/2-1/2

[Event "GER-ch Blitz 2019"]
[Site "Magdeburg"]
[Date "2019.05.25"]
[Round "15.11"]
[White "Svane, Frederik"]
[Black "Stern, Rene"]
[Result "0-1"]
[ECO "C67"]
[WhiteElo "2342"]
[BlackElo "2538"]
[Annotator "ChessBase"]
[PlyCount "106"]
[EventDate "2019.05.25"]
[EventType "tourn"]
[EventCountry "GER"]
[Tiebreak "Number of wins+Number of black wins"]
[SourceTitle "playchess.com"]
[Source "ChessBase"]
[SourceQuality "1"]
[TimeControl "180+2"]

1. e4 e5 2. Nf3 Nc6 3. Bb5 Nf6 4. O-O Nxe4 5. Re1 Nd6 6.
Nxe5 Nxe5 7. Rxe5+ Be7 8. Bf1 O-O 9. d4 Bf6 10. Re1 Re8 11. c3 Rxe1 12. Qxe1 Ne8 13. Bf4 d5 14. Bd3 Be6 15. Nd2 Nd6 16. Nf3 Bf5 17. Bxf5 Nxf5 18. Qe2 c6 19. Re1 h6 20. Be5 Bxe5 21. Nxe5 Nd6 22. Nd3 Qa5 23. Qe7 Qd8 24. Nc5 Rb8 25. Qxd8+ Rxd8 26. Re7 Kf8 27. Rc7 Re8 28. Kf1 Re7 29. Rxe7 Kxe7 30. Nd3 Ke6 31. Ke2 Kf5 32. Ke3 h5 33. Nc5 f6 34. h3 g5 35. b3 h4 36. Kf3 b6 37. Nd3 Nb5 38.
Nb4 Nxc3 39. Nxc6 a5 40. a4
Ne4 41. b4 axb4 42. Nxb4 Nc3
43. Ke3 Ke6 44. Kd3 Nxa4 45. Kc2 b5 46. Na6 Kd6 47. Kb3 Kc6 48.
Nb4+ Kd6 49. Na6 Nb6 50. Kb4 Kc6 51. Nc5 Nc4 52. Ne6 Nd6 53. Nd8+ Kd7 0-1

[Event "GER-ch Blitz 2019"]
[Site "Magdeburg"]
[Date "2019.05.25"]
[Round "15.12"]
[White "Hirneise, Jens"]
[Black "Schulze, Marc"]
[Result "1/2-1/2"]
[ECO "B35"]
[WhiteElo "2375"]
[BlackElo "2220"]
[Annotator "NA"]
[PlyCount "89"]
[EventDate "2019.05.25"]
[EventType "tourn"]
[EventCountry "GER"]
[Tiebreak "Number of wins+Number of black wins"]
[SourceTitle "playchess.com"]
[Source "ChessBase"]
[SourceQuality "1"]
[TimeControl "180+2"]

1. e4 c5 2. Nf3 g6 3. d4 cxd4 4. Nxd4 Bg7 5. Nc3 Nc6 6. Be3 Nf6 7. Bc4 Qa5 8. O-O O-O 9. Bb3 d6 10. h3 Bd7 11. Re1 Rac8 12. f4 Rfe8 13. f5 Ne5 14. Rf1 Nc4 15. fxg6 hxg6 16. Bxc4 Rxc4 17. Qd3 Rec8 18. Nb3 Qh5 19. Bd4 b6 20. Bxf6 exf6 21. Nd5 Qe5 22. c3 Rxe4 23. Nxf6+ Bxf6 24. Rxf6 Re1+ 25. Rxe1 Qxe1+ 26. Rf1 Qe5 27. Rd1 Rc6 28. Nd4 Rc8 29. Nf3 Qc5+ 30. Kh1 Be6 31. Qxd6 Qxd6 32. Rxd6 Bxa2 33. Rd7 a5 34. Rb7 Rc6 35. Nd4 Rd6 36. Kh2 Bd5 37. Rb8+ Kg7 38. Kg3 Rf6 39. Rd8 Be4 40. Rd7 Bc6 41. Nxc6 Rxc6 42. Kf3 Rc5 43. Rd4 Rb5 44. Rd2 Kf6 45. Ke4 {Ke5+} 1/2-1/2

[Event "GER-ch Blitz 2019"]
[Site "Magdeburg"]
[Date "2019.05.25"]
[Round "15.13"]
[White "Zelbel, Patrick"]
[Black "Frischmann, Rick"]
[Result "1-0"]
[ECO "B22"]
[WhiteElo "2439"]
[BlackElo "2320"]
[Annotator "NA"]
[PlyCount "99"]
[EventDate "2019.05.25"]
[EventType "tourn"]
[EventCountry "GER"]
[Tiebreak "Number of wins+Number of black wins"]
[SourceTitle "playchess.com"]
[Source "ChessBase"]
[SourceQuality "1"]
[TimeControl "180+2"]

1. e4 c5 2. c3 Nf6 3. e5 Nd5 4. Bc4 Nb6 5. Bb3 d5 6. exd6 Qxd6 7. Nf3 Nc6 8.
O-O Be6 9. Bxe6 Qxe6 10. a4 Qd7 11. a5 Nc8 12. a6 b6 13.
Na3 e6 14. Qe2 Be7 15. d4 cxd4 16. Rd1 Bf6 17. Nb5 O-O 18. Nbxd4 Nxd4 19. Nxd4 Bxd4 20. Rxd4 Qc6 21. Qc4 Ne7 22. Bg5 Qxc4 23. Rxc4 Nd5 24. Kf1 f6 25. Be3 Rac8 26. Rxc8 Rxc8 27. Ke2 Kf7 28. Kd3 e5 29. c4 Nc7 30. b4 Ne6 31. Kc3 f5 32. Rd1 Ke7 33. f3 g5 34. Rd5 f4 35. Bf2 e4 36.
fxe4 h5 37. h4 gxh4 38. Rxh5 Rg8 39. Bxh4+ Kd6 40. e5+ Kc6 41. b5+ Kd7 42. Rh7+ Kc8 43. Rxa7 Rxg2 44. Re7 Nc5 45. a7 Ra2 46. Bf2 Ne4+ 47. Kb3 Ra1 48. Bxb6 Nd2+ 49. Kc3 f3 50. Kxd2 1-0

[Event "GER-ch Blitz 2019"]
[Site "Magdeburg"]
[Date "2019.05.25"]
[Round "15.14"]
[White "Zuyev, Igor"]
[Black "Kopylov, Daniel"]
[Result "1-0"]
[ECO "B23"]
[WhiteElo "2447"]
[BlackElo "2263"]
[Annotator "NA"]
[PlyCount "69"]
[EventDate "2019.05.25"]
[EventType "tourn"]
[EventCountry "GER"]
[Tiebreak "Number of wins+Number of black wins"]
[SourceTitle "playchess.com"]
[Source "ChessBase"]
[SourceQuality "1"]
[TimeControl "180+2"]

1. e4 c5 2. Nc3 a6 3. g3 b5 4. Nf3 Bb7 5. Bg2 b4 6. Ne2 Bxe4 7. d3 Bb7 8. a3 e6 9. axb4 cxb4 10. Bf4 Nf6 11. c4 bxc3 12. bxc3 Be7 13. Rb1 Bc6 14. O-O O-O 15. Ned4 Bxf3 16. Bxf3 d5 17. Rxb8 Rxb8 18. Nc6 Qb6 19. Nxe7+ Kh8 20. Bxb8 Rxb8 21. Qa4 Qc5 22. Nc6 Rc8 23. Ne5 Qxc3 24. Qxa6 Rf8 25. Qa1 Qb4 26. Rb1 Qd2 27. Rb7 Kg8 28. Kg2 Qg5 29. d4 Ne8 30. Qa7 Nd6 31. Rb8 Nc8 32. Rxc8 Rxc8 33. Qxf7+ Kh8
34. Qxe6 Rf8 35. Nf7+ 1-0

[Event "GER-ch Blitz 2019"]
[Site "Magdeburg"]
[Date "2019.05.25"]
[Round "15.15"]
[White "Schmaltz, Roland"]
[Black "Stein, Robert"]
[Result "0-1"]
[ECO "C77"]
[WhiteElo "2461"]
[BlackElo "2318"]
[Annotator "ChessBase"]
[PlyCount "86"]
[EventDate "2019.05.25"]
[EventType "tourn"]
[EventCountry "GER"]
[Tiebreak "Number of wins+Number of black wins"]
[SourceTitle "playchess.com"]
[Source "ChessBase"]
[SourceQuality "1"]
[TimeControl "180+2"]

1. e4 e5 2. Nf3 Nc6 3. Bb5 a6 4. Ba4 Nf6 5. d3 b5 6. Bb3 Be7 7. O-O d6 8. c3 O-O 9. Nbd2 Be6 10. Re1 h6 11. Nf1 Qd7 12.
Bc2 Rfe8 13. d4 exd4 14. cxd4 Nb4 15. Bb1 c5 16. d5 Nbxd5 17. exd5 Bxd5 18. a4 Qb7 19. Ra3 Bf8 20. Rxe8 Rxe8 21. axb5 axb5 22. Bf4 Rd8 23. Ne3 Bc6 24. Nf5 d5 25. Ne5 d4 26. Rg3 Kh8 27. Nxc6 Qxc6 28. Be5 Qe6 29. f4 g6 30. Nh4 Bg7 31. Nf3 Nh5 32. f5 Qe7 33. Bxg7+ Kxg7 34. Rg4 Qe3+ 35. Kh1 Nf6 36. Rg3 Nh5 37. Rg4 Nf6 38. Rh4 g5 39. Rh3 Ng4 40. f6+ Kg8 41. Qc2 Nf2+ 42. Kg1
Nxh3+ 43. Kf1 d3 0-1

[Event "GER-ch Blitz 2019"]
[Site "Magdeburg"]
[Date "2019.05.25"]
[Round "16.1"]
[White "Voege, Tobias"]
[Black "Gustafsson, Jan"]
[Result "0-1"]
[ECO "E21"]
[WhiteElo "2294"]
[BlackElo "2639"]
[Annotator "ChessBase"]
[PlyCount "92"]
[EventDate "2019.05.25"]
[EventType "tourn"]
[EventCountry "GER"]
[Tiebreak "Number of wins+Number of black wins"]
[SourceTitle "playchess.com"]
[Source "ChessBase"]
[SourceQuality "1"]
[TimeControl "180+2"]

1. d4 Nf6 2. c4 e6 3. Nc3 Bb4 4. Nf3 O-O 5. Bg5 h6 6. Bh4 c5 7. e3 cxd4 8. exd4 d5 9. Rc1 Nc6 10. cxd5 exd5 11. Be2 g5 12. Bg3 Ne4 13. O-O Bf5 14. Ne5 Nxc3 15. bxc3 Ba3 16. Rb1 Bxb1 17. Qxb1 Nxe5 18. Bxe5 Qb6 19. Qf5 Qe6 20. Qc2 Bd6 21. Bxd6 Qxd6 22. h4 gxh4 23. Bf3 b6 24. Qf5 Rad8 25. Qg4+ Qg6 26. Qxh4 Qg5 27. Qh3 Rfe8 28. Bh5 Re7 29. f4 Qf6 30. Rf3 Kf8 31. Kh2 Rde8 32. Bg4 Re4 33. Bf5 Re2 34. Rg3 Rxa2 35. Qg4 Ke7 36. Bb1 Rb2 37. Bd3 Kd8 38. Ba6 Qe6 39. Qh4+ Kc7 40.
Rf3 Rg8 41. Rg3 Rxg3 42. Qxg3 Qd6 43. Qg4 b5 44. Bc8 h5 45. Qf5 Qg6 46. Qh3 Qxg2+ 0-1

[Event "GER-ch Blitz 2019"]
[Site "Magdeburg"]
[Date "2019.05.25"]
[Round "16.2"]
[White "Braeuning, Rudolf Wilhelm"]
[Black "Feuerstack, Aljoscha"]
[Result "0-1"]
[ECO "B13"]
[WhiteElo "2285"]
[BlackElo "2441"]
[Annotator "NA"]
[PlyCount "81"]
[EventDate "2019.05.25"]
[EventType "tourn"]
[EventCountry "GER"]
[Tiebreak "Number of wins+Number of black wins"]
[SourceTitle "playchess.com"]
[Source "ChessBase"]
[SourceQuality "1"]
[TimeControl "180+2"]

1. e4 c6 2. d4 d5 3. exd5 cxd5 4. c4 Nf6 5. Nc3 Nc6 6. Bg5 e6 7. c5 Be7 8. Bb5 O-O 9. Nf3 Ne4 10. Bxe7 Nxe7 11. Rc1 b6 12. c6 a6 13. Bd3 Nd6 14. O-O Nxc6 15. Nxd5 Bb7 16. Ne3 Nb5 17. d5 Nb4 18. Bxb5 axb5 19. dxe6 Qxd1 20. Rcxd1 Bxf3 21. gxf3 fxe6 22. a3 Na6 23. Rd6 b4 24. Rxb6 bxa3 25. bxa3 Nc5 26. Rc1 Nd3 27. Rc7 Rf7 28. Rxf7 Kxf7 29. Nc4 Ra4 30. Rc6 Kf6 31. Kf1 Nf4 32. Ke1 Ke7 33. Rc7+ Kd8 34. Rc6 Kd7 35. Rd6+ Ke7 36. Rd4 e5 37. Re4 Kf6 38. Kd2 Ne6 39. Kc3 Nd4 40. Rxd4 exd4+ 41. Kxd4 0-1